 Dungeon Crawl Stone Soup version 0.32-a0-928-g1cae6b7ea0 (webtiles) character file.

Game seed: 2342750362153617315

35 ezpacito the Chopper (level 3, -1/33 (43) HPs)
             Began as a Coglin Chaos Knight on Apr 13, 2024.
             Was a Plaything of Xom.
             Slain by a fire bat (5 damage)
             ... on level 3 of the Dungeon.
             The game lasted 00:02:22 (1439 turns).

ezpacito the Chopper (Coglin Chaos Knight)          Turns: 1439, Time: 00:02:23

HP:   -1/33 (43)    AC: 21    Str: 14    XL:     3   Next: 35%
MP:   3/3           EV:  2    Int: 11    God:    Xom [......]
Gold: 80            SH:  0    Dex: 13    Spells: 2/2 levels left

rFire   . . .        a - +1 hand axe (chaos) {Masaaki}
rCold   . . .        l - +0 trident {Lucius}
rNeg    . . .        b - melded +2 leather armour
rPois   +            (helmet currently unavailable)
rElec   .            (cloak currently unavailable)
rCorr   .            (gloves currently unavailable)
SInv    .            (boots currently unavailable)
Will    .....        (amulet unavailable) Stlth
                     (ring unavailable)
HPRegen 0.25/turn    (ring unavailable)
MPRegen 0.08/turn    (no gizmo)

%: no passive effects
@: brilliant, tree-form, silenced, hasted, heavily drained, revving, very quick
A: stationary, stasis, torment immunity, boosted hp, off-hand wielding, slow
wielding, warmup strikes, no jewellery, inability to read after injury 2
a: Invent Gizmo, Renounce Religion


You were on level 3 of the Dungeon.
You worshipped Xom.
You were a very special plaything of Xom.
You were a tree.
You visited 1 branch of the dungeon, and saw 3 of its levels.

You collected 80 gold pieces.

Inventory:

Hand Weapons
 a - a +1 hand axe of chaos (weapon) {Masaaki}
 l - a +0 trident (offhand) {Lucius}
 p - a +0 war axe
Missiles
 k - 2 boomerangs (quivered)
 n - 5 silver javelins
Armour
 b - a +2 leather armour (melded)
Scrolls
 m - a scroll of immolation
 r - a scroll of enchant armour
 t - 2 scrolls of teleportation
Potions
 g - a potion of brilliance


   Skills:
 * Level 3.2 Fighting
 * Level 3.2(3.3) Axes
 * Level 0.7(2.0) Polearms
 + Level 0.1 Throwing
 * Level 2.1 Armour
 * Level 1.2 Dodging
 + Level 0.3 Stealth
 + Level 0.2 Spellcasting


You had 2 spell levels left.
You didn't know any spells.
Your spell library contained the following spells:

 Spells                   Type           Power      Damage    Failure   Level
 Foxfire                  Conj/Fire      0%         2x1d4     34%         1
 Plasma Beam              Fire/Air       0%         2x1d10    100%        6
 Starburst                Conj/Fire      0%         6d3       100%        6


Dungeon Overview and Level Annotations

Branches:
Dungeon (3/15)

Altars:


Innate Abilities, Weirdness & Mutations

You are a tree.
Your roots penetrate the ground, keeping you stationary.
You cannot be teleported.
You are immune to unholy pain and torment.
Your maximum health is greatly increased.
Your equipment is partially melded.
You can wield a second weapon in your off-hand.
It takes a long time for you to wield or remove held weapons.
Your first few attacks do less damage.
You cannot equip rings or amulets.
You sometimes lose the ability to read scrolls when taking damage.


Message History

Your butterfly is poisoned.
You kill your butterfly!
Your butterfly disappears in a burst of colours!
Your butterfly is engulfed in poison gas.
Your butterfly is poisoned.
You kill your butterfly!
Your butterfly disappears in a burst of colours!
Your butterfly is engulfed in poison gas.
Your butterfly is poisoned.
You kill your butterfly!
Your butterfly disappears in a burst of colours!
As you read the scroll labelled ZIESTIUTUA, it crumbles to dust.
A profound silence engulfs you.
It was a scroll of silence.
You kill your butterfly!
Your butterfly disappears in a burst of colours!
Something bites your butterfly.
Your butterfly dies!
Your butterfly disappears in a burst of colours!
Your butterfly is engulfed in poison gas.
Your butterfly is poisoned.
You kill your butterfly!
Your butterfly disappears in a burst of colours!
Your butterfly is engulfed in poison gas.
Your butterfly is poisoned.
You kill your butterfly!
Your butterfly disappears in a burst of colours!
Hit: a) +1 hand axe (chaos) {Masaaki}
Press: ? - help, Dir - move target, f - fire bat
Aim: a fire bat (purple smoke, silenced, heavily wounded, ally target, about 52% to evade your +1 hand axe of chaos)
You could not reach far enough!
The fire bat completely misses your butterfly.
You closely miss the fire bat with your +0 trident.
The fire bat is heavily wounded.
You hit the fire bat with your +1 hand axe of chaos.
The fire bat suddenly stops moving!
The fire bat is no longer paralysed.
The fire bat bites you.
* * * LOW HITPOINT WARNING * * *
You are engulfed in flames.
You die...
Xom titters!

#. .# #)##.#
#))..#
##..######
#.).§.....
#§§b#(####
#§§{#§###
######§§bbb..###
#...b.§§♣§§.....
#.####§b#b§#.##.
#.# #§§#§## #
#.# #.b.#.
#.####.<.##§
#........# ##
#..###....# #..#
####.# #..# ...


You could see a fire bat (ally target).

Vanquished Creatures
  An adder (D:2)
  A dart slug (D:2)
  An orc (D:3)
  3 endoplasms
  A giant cockroach (D:1)
  2 hobgoblins
  3 kobolds
  2 ball pythons
  A bat (D:1)
  2 frilled lizards
  3 goblins
  2 rats (D:1)
22 creatures vanquished.

Vanquished Creatures (collateral kills)
  An orc (D:3)
1 creature vanquished.

Grand Total: 23 creatures vanquished

Notes
Turn   | Place    | Note
-------+----------+-------------------------------------------
     0 | D:1      | ezpacito the Coglin Chaos Knight began the quest for the
                  | Orb.
     0 | D:1      | Reached XP level 1. HP: 18/18 MP: 1/1
    68 | D:1      | Found a faded altar of an unknown god.
   120 | D:1      | Reached skill level 1 in Dodging
   257 | D:1      | Reached XP level 2. HP: 24/24 MP: 2/2
   428 | D:1      | XOM: potion effect (invisibility)
   566 | D:1      | XOM: silly message
   852 | D:2      | Reached XP level 3. HP: 29/29 MP: 3/3
   941 | D:2      | XOM: silly message
  1023 | D:2      | XOM: silly message
  1297 | D:2      | XOM: give mutations
  1297 | D:2      | Gained mutation: You occasionally lose the ability to read
                  | scrolls when taking damage. [Xom's mischief]
  1297 | D:2      | Gained mutation: You sometimes lose the ability to read
                  | scrolls when taking damage. [Xom's mischief]
  1406 | D:3      | XOM: enchant monster (bad)
  1414 | D:3      | XOM: summons 2 friendly demons
  1418 | D:3      | an orc wizard changed into a fire bat
  1418 | D:3      | Noticed a fire bat
  1418 | D:3      | XOM: polymorph orc wizard -> fire bat
  1422 | D:3      | XOM: chaos upgrade
  1422 | D:3      | Paralysed by something for 1 turns
  1439 | D:3      | Slain by a fire bat

Illustrated notes

Levels and vault maps discovered:
D:1:      lightli_iron_boxes, layout_loops_cross, basic_ecumenical_altar
D:2:      layout_loops_ring
D:3:      layout_loops_ring, uniq_pargi

Skill      XL: |  1  2 |
---------------+-------+-----
Dodging        | 1 |  1.2
Armour         | 2 |  2.1
Fighting       | |  3.2
Axes           | |  3.2
Polearms       | |  0.7
Throwing       | |  0.1
Stealth        | |  0.3
Spellcasting   | |  0.2

Action                     || total
---------------------------++-------
  Melee: Hand axe          ||    42
         Dagger            ||    12
         Trident           ||    40
    Use: Scroll            ||    11
         Potion            ||     4
   Stab: Paralysed         ||     1
         Confused          ||     1
 Armour: Leather armour    ||    36
         Skin              ||     1
  Dodge: Dodged            ||    22

Table legend: (Time is in decaauts)
 A = Elapsed time spent in this place.
 B = Non-inter-level travel time spent in this place.
 C = Inter-level travel time spent in this place.
 D = Time resting spent in this place.
 E = Time spent auto-exploring this place.
 F = Levels seen in this place.
 G = Mean time per level.
                   A        B        C        D        E       F      G
               +--------+--------+--------+--------+--------+-----+--------+
         Total |   1444 |   1304 |    140 |      0 |   1115 |   3 |  481.3 |
       Dungeon |   1444 |   1304 |    140 |      0 |   1115 |   3 |  481.3 |
               +--------+--------+--------+--------+--------+-----+--------+

Top non-repeatable levels by time:
     D:2: 697 daAuts
     D:1: 692 daAuts
     D:3: 55 daAuts
